 Dungeon Sprint DCSS version 0.27-a0-538-g15ff5c5295 (webtiles) character file.

Game seed: 13361472095018585685

3877 mhtbhm the Severer (level 10, -3/145 HPs)
             Began as a Minotaur Fighter on Mar 6, 2021.
             Was the Champion of Trog.
             Slain by an emperor scorpion (7 damage)
             ... in the Dungeon (Sprint VII: "The Pits").
             The game lasted 00:02:20 (1673 turns).

mhtbhm the Severer (Minotaur Fighter)               Turns: 1673, Time: 00:02:20

Health: -3/145     AC: 21    Str: 23    XL:     10   Next: 0%
Magic:  9/9        EV: 10    Int:  8    God:    Trog [******]
Gold:   0          SH: 13    Dex: 11    Spells: 9/9 levels left

rFire    . . .     SeeInvis .   a - +1 broad axe (flame)
rCold    . . .     Faith    .   c - +0 kite shield
rNeg     . . .     Spirit   .   b - +4 chain mail
rPois    .         Reflect  .   (helmet restricted)
rElec    .         Harm     .   (no cloak)
rCorr    .         Rampage  .   (no gloves)
Will     .....     NoTele   +   p - +0 pair of boots
Stlth    ..........             (no amulet)
HPRegen  0.34/turn              m - +3 ring of intelligence
MPRegen  0.11/turn              n - +3 ring of protection

@: berserking (expiring), lethally poisoned (-3 -> -55), very quick
A: horns 2, retaliatory headbutt
a: Renounce Religion, Berserk, Trog's Hand, Brothers in Arms


You were in the Dungeon.
You worshipped Trog.
Trog was exalted by your worship.
You visited 1 branch

Inventory:

Hand Weapons
 a - a +1 broad axe of flaming (weapon)
Armour
 b - a +4 chain mail (worn)
 c - a +0 kite shield (worn)
 p - a +0 pair of boots (worn)
Jewellery
 m - a +3 ring of intelligence (left hand)
 n - a +3 ring of protection (right hand)
Scrolls
 j - a scroll of blinking
 l - a scroll of summoning
Potions
 d - 2 potions of might
 e - 8 potions of curing
 f - 8 potions of heal wounds
 g - 2 potions of haste
 h - 4 potions of magic
 i - 3 potions of berserk rage
 k - 2 potions of invisibility
 o - a potion of mutation


   Skills:
 + Level 11.8 Fighting
 + Level 15.9 Axes
 + Level 13.6 Armour
 + Level 5.3 Dodging
 + Level 1.2 Stealth
 + Level 12.5 Shields


You had 9 spell levels left.
You didn't know any spells.
Your spell library was empty.

Dungeon Overview and Level Annotations

Branches:
Dungeon (1/1)

Altars:
Ashenzari
Cheibriados
Dithmenos
Elyvilon
Fedhas
Gozag
Hepliaklqana
Kikubaaqudgha
Makhleb
Nemelex Xobeh
Okawaru
Qazlal
Ru
Sif Muna
Trog
Uskayaw
Vehumet
Wu Jian
Xom
Yredelemnul
Zin
The Shining One
Beogh
Jiyva
Lugonu


Innate Abilities, Weirdness & Mutations

You have a pair of horns on your head.
You reflexively headbutt those who attack you in melee.


Message History

You hit the emperor scorpion. You burn the emperor scorpion.
The emperor scorpion is severely wounded.
You feel sick.
You completely miss the emperor scorpion.
Your headbutt misses the emperor scorpion.
The emperor scorpion is severely wounded.
You feel sick. The emperor scorpion stings you!
* * * LOW HITPOINT WARNING * * *
You are more poisoned.
The emperor scorpion poisons you!
The emperor scorpion closely misses you.
The emperor scorpion claws you.
* * * LOW HITPOINT WARNING * * *
You barely miss the emperor scorpion.
Your headbutt misses the emperor scorpion.
The emperor scorpion is severely wounded.
* * * LOW HITPOINT WARNING * * *
You feel very sick.
You slash the emperor scorpion! You burn the emperor scorpion.
The emperor scorpion is almost dead.
* * * LOW HITPOINT WARNING * * *
You feel very sick.
You block the emperor scorpion's attack. x2
The emperor scorpion claws you but does no damage.
Unknown command.
You completely miss the emperor scorpion.
You headbutt the emperor scorpion, but do no damage.
The emperor scorpion is almost dead.
* * * LOW HITPOINT WARNING * * *
You feel very sick.
You closely miss the emperor scorpion.
You headbutt the emperor scorpion, but do no damage.
The emperor scorpion is almost dead.
* * * LOW HITPOINT WARNING * * *
You feel very sick. The emperor scorpion barely misses you.
You furiously retaliate!
You headbutt the emperor scorpion!
You block the emperor scorpion's attack.
The emperor scorpion claws you!
You die...

#++############
#..............
#.†....@s......
#..############
#..# #..# #
#..# # #..# #
#).# # #..#
##########..#


You could see an emperor scorpion.

Vanquished Creatures
  A deep elf knight (D)
  A shadow wraith (D)
  A black mamba (D)
  A demonic crawler (D)
  2 freezing wraiths (D)
  A guardian mummy (D)
  A jumping spider (D)
  4 yaks (D)
  An eye of draining (D)
  An ogre (D)
  A phantom (D)
  A centaur (D)
  6 killer bees (D)
  A hound (D)
  An iron imp (D)
  A worker ant (D)
  2 gnolls (D)
  An adder (D)
  2 white imps (D)
  An adder zombie (D)
  2 worms (D)
  2 ball pythons (D)
  A bat (D)
  A bat zombie (D)
  A quokka (D)
  A ball python skeleton (D)
  A frilled lizard (D)
  A rat (D)
41 creatures vanquished.

Notes
Turn   | Place    | Note
-------+----------+-------------------------------------------
     0 | D        | mhtbhm the Minotaur Fighter began the quest for the Orb.
     0 | D        | Reached XP level 1. HP: 19/19 MP: 0/0
    22 | D        | Found a bloodstained altar of Trog.
    22 | D        | Found a shimmering blue altar of Sif Muna.
    22 | D        | Found a viscous altar of Jiyva.
    22 | D        | Found a hazy altar of Hepliaklqana.
    22 | D        | Found an opulent altar of Gozag.
    23 | D        | Found a glowing golden altar of the Shining One.
    23 | D        | Found a glowing silver altar of Zin.
    23 | D        | Found a basalt altar of Yredelemnul.
    23 | D        | Found a shimmering altar of Xom.
    23 | D        | Found an ornate altar of the Wu Jian Council.
    23 | D        | Found a sacrificial altar of Ru.
    23 | D        | Found a stormy altar of Qazlal.
    23 | D        | Found an iron altar of Okawaru.
    23 | D        | Found a sparkling altar of Nemelex Xobeh.
    23 | D        | Found a burning altar of Makhleb.
    23 | D        | Found a blossoming altar of Fedhas.
    23 | D        | Found a white marble altar of Elyvilon.
    23 | D        | Found a shadowy altar of Dithmenos.
    23 | D        | Found a snail-covered altar of Cheibriados.
    25 | D        | Found a radiant altar of Vehumet.
    25 | D        | Found a corrupted altar of Lugonu.
    27 | D        | Became a worshipper of Trog the Wrathful
    62 | D        | Noticed a worker ant
    63 | D        | Killed a worker ant
    64 | D        | Reached skill level 5 in Fighting
    64 | D        | Reached skill level 3 in Axes
    64 | D        | Reached skill level 5 in Armour
    64 | D        | Reached skill level 5 in Shields
    64 | D        | Reached XP level 2. HP: 29/29 MP: 1/1
    71 | D        | Reached * piety under Trog
    80 | D        | Reached XP level 3. HP: 34/36 MP: 2/2
    99 | D        | Reached ** piety under Trog
   341 | D        | Noticed a centaur
   347 | D        | Reached *** piety under Trog
   348 | D        | Reached skill level 4 in Axes
   348 | D        | Reached skill level 1 in Dodging
   348 | D        | Reached XP level 4. HP: 24/45 MP: 3/3
   351 | D        | Killed a centaur
   352 | D        | Reached skill level 5 in Axes
   352 | D        | Reached XP level 5. HP: 26/52 MP: 4/4
   355 | D        | Reached skill level 6 in Axes
   357 | D        | Reached **** piety under Trog
   611 | D        | Noticed a guardian mummy
   617 | D        | Killed a guardian mummy
   618 | D        | Reached skill level 8 in Axes
   618 | D        | Reached XP level 6. HP: 62/62 MP: 5/5
   812 | D        | Reached ***** piety under Trog
   813 | D        | Reached skill level 9 in Axes
   813 | D        | Reached skill level 10 in Armour
   813 | D        | Reached XP level 7. HP: 69/69 MP: 6/6
   943 | D        | HP: 1/103 [something (11)]
   944 | D        | Killed a shadow wraith
   945 | D        | Reached skill level 11 in Axes
   945 | D        | Reached skill level 10 in Shields
   945 | D        | Reached XP level 8. HP: 2/78 MP: 0/7
   947 | D        | Reached skill level 12 in Axes
  1302 | D        | Found a hide-covered altar of Uskayaw.
  1302 | D        | Found an ancient bone altar of Kikubaaqudgha.
  1302 | D        | Found a broken altar of Ashenzari.
  1334 | D        | Noticed a black mamba
  1334 | D        | Noticed a demonic crawler
  1339 | D        | Killed a black mamba
  1340 | D        | Reached skill level 10 in Fighting
  1340 | D        | Reached skill level 5 in Dodging
  1341 | D        | Killed a demonic crawler
  1341 | D        | Received a gift from Trog
  1342 | D        | Reached skill level 13 in Axes
  1395 | D        | Noticed a freezing wraith
  1407 | D        | Reached XP level 9. HP: 86/86 MP: 8/8
  1407 | D        | Killed a freezing wraith
  1407 | D        | Received a gift from Trog
  1408 | D        | Reached skill level 14 in Axes
  1523 | D        | Reached ****** piety under Trog
  1527 | D        | Noticed a deep elf knight
  1531 | D        | Killed a deep elf knight
  1531 | D        | Noticed a freezing wraith
  1532 | D        | Reached skill level 15 in Axes
  1532 | D        | Reached skill level 1 in Stealth
  1537 | D        | Killed a freezing wraith
  1537 | D        | Received a gift from Trog
  1641 | D        | Noticed a jumping spider
  1648 | D        | Killed a jumping spider
  1649 | D        | Reached XP level 10. HP: 89/97 MP: 9/9
  1651 | D        | Noticed an emperor scorpion
  1672 | D        | HP: 6/145 [poisoned by an emperor scorpion]
  1673 | D        | Slain by an emperor scorpion

Illustrated notes

Levels and vault maps discovered:
D:        pitsprint [storerooms_1, entrance_room_1, metal_vault_1, armoury_3,
          mini_pit_1, grid_room_1, main_hall_1, silver_pit, the_coven_3,
          the_vestibule_1, steel_vault_3, golden_pit, hallway_of_sentries,
          crystal_vault_2, iron_vault_3, final_vault]

Skill      XL: |  1  2  3  4  5  6  7  8  9 |
---------------+----------------------------+-----
Fighting       | 5 6 7 8 9 10 11 | 11.8
Axes           | 3 4 5 8 9 11 13 15 | 15.9
Armour         | 5 6 7 9 10 11 12 13 | 13.6
Shields        | 5 6 7 8 9 10 11 12 | 12.5
Dodging        | 1 2 4 5 |  5.3
Stealth        | 1 |  1.2

Action                   |  1- 3 |  4- 6 |  7- 9 | 10-12 || total
-------------------------+-------+-------+-------+-------++-------
Melee: Hand axe          |    32 |    34 |    26 |       ||    92
       Headbutt          |     5 |     5 |    15 |     6 ||    31
       War axe           |     1 |       |     5 |       ||     6
       Broad axe         |       |       |    39 |    17 ||    56
Invok: Berserk           |       |     2 |     3 |     1 ||     6
  Use: Potion            |     1 |       |       |     1 ||     2
Armor: Scale mail        |    18 |       |       |       ||    18
       Chain mail        |     3 |    14 |    36 |     7 ||    60
Dodge: Dodged            |    13 |     5 |    25 |     8 ||    51
Block: Kite shield       |    26 |    18 |    52 |    10 ||   106

Table legend: (Time is in decaauts)
 A = Elapsed time spent in this place.
 B = Non-inter-level travel time spent in this place.
 C = Inter-level travel time spent in this place.
 D = Time resting spent in this place.
 E = Time spent auto-exploring this place.
 F = Levels seen in this place.
 G = Mean time per level.
                   A        B        C        D        E       F      G
               +--------+--------+--------+--------+--------+-----+--------+
         Total |   1745 |   1745 |      0 |    762 |    534 |   1 | 1745.0 |
       Dungeon |   1745 |   1745 |      0 |    762 |    534 |   1 | 1745.0 |
               +--------+--------+--------+--------+--------+-----+--------+

Top non-repeatable levels by time:
       D: 1745 daAuts
